 Dungeon Crawl Stone Soup version 0.28.0 (webtiles) character file.

Game seed: 10778033351808414338

7 GrayStillPlays the Conjurer (level 1, 0/13 HPs)
             Began as a Demonspawn Conjurer on Feb 13, 2022.
             Slain by a ball python (2 damage)
             ... on level 1 of the Dungeon.
             The game lasted 00:00:41 (272 turns).

GrayStillPlays the Conjurer (Demonspawn Conjurer)    Turns: 272, Time: 00:00:41

Health: 0/13       AC:  2    Str:  7    XL:     1   Next: 91%
Magic:  1/3        EV:  9    Int: 19    God:
Gold:   20         SH:  0    Dex: 11    Spells: 3/4 levels left

rFire   . . .      SeeInvis .   (no weapon)
rCold   . . .      Faith    .   (no shield)
rNeg    . . .      Spirit   .   a - +0 robe
rPois   .          Reflect  .   (no helmet)
rElec   .          Harm     .   (no cloak)
rCorr   .          Rampage  .   (no gloves)
Will    .....                   (no boots)
Stlth   ++........              (no amulet)
HPRegen 0.04/turn               (no ring)
MPRegen 0.08/turn               (no ring)

@: constricted
A: no striking features
a: no special abilities


You were on level 1 of the Dungeon.
You visited 1 branch of the dungeon, and saw 1 of its levels.

You collected 20 gold pieces.


   Skills:
 + Level 2.0 Dodging
 - Level 1.8 Stealth
 + Level 2.1 Spellcasting
 + Level 4.1 Conjurations


You had 3 spell levels left.
You knew the following spells:

 Your Spells              Type           Power      Damage    Failure   Level
a - Magic Dart            Conj           68%        1d6       3%          1

Your spell library contained the following spells:

 Spells                   Type           Power      Damage    Failure   Level
 Searing Ray              Conj           34%        2d5       4%          2
 Dazzling Flash           Conj/Hex       18%        N/A       22%         3
 Fulminant Prism          Conj/Hex       4%         3d6       56%         4
 Iskenderun's Mystic Bla  Conj/Tloc      9%         2d4       56%         4

Inventory:

Armour
 a - a +0 robe (worn)
Scrolls
 b - 2 scrolls of enchant armour {unknown}
Potions
 c - a potion of curing {unknown}

Dungeon Overview and Level Annotations

Branches:
Dungeon (1/15)

Altars:

..#.##...##.###+## #.#
.##.###.†...# #.# .
#.##.....## ##.## .
..##.....#### #...# .
..##........#####...#
...+..>...####.##...##
#......####.#.....#
.......#.##...#..<..#
########.##.#@#.....#
#....#S##...##
####.#.##...#
###.##...#
#####.###.## #.S...#
#.# #.##### #.#
#.......# .........


You could see a ball python.


Message History

The magic dart hits the endoplasm. 😎 MP[-1]
You lost 1 mp, and now have 2/3 mp.
The magic dart hits the endoplasm.
You kill the endoplasm!
Your Dodging skill increases to level 2! 😎 MP[-1]
You lost 1 mp, and now have 1/3 mp.
You can't see any susceptible monsters within range! (Use Z to cast anyway.)
You can't see any susceptible monsters within range! (Use Z to cast anyway.)
You can't see any susceptible monsters within range! (Use Z to cast anyway.) Key pressed, stopping explore.
A giant cockroach and a ball python come into view. 😎 MP[+2]
Your mp is fully restored (3).
There are monsters nearby!
There are monsters nearby!
The magic dart hits the giant cockroach but does no damage. 😎 MP[-1]
You lost 1 mp, and now have 2/3 mp.
The magic dart hits the giant cockroach but does no damage. 😎 MP[-1]
You lost 1 mp, and now have 1/3 mp.
The magic dart hits the giant cockroach. 😎 MP[-1]
You lost 1 mp, and now have 0/3 mp.
You are too depleted to draw on your mana recklessly!
You are too depleted to draw on your mana recklessly!
You are too depleted to draw on your mana recklessly!
You are too depleted to draw on your mana recklessly!
You hit the giant cockroach but do no damage.
Your punch misses the giant cockroach.
The giant cockroach waves its antennae.
The giant cockroach barely misses you.
You hit the giant cockroach but do no damage.
The giant cockroach bites you. 😕 HP[-2]
You take 2 damage, and now have 11/13 hp.
You barely miss the giant cockroach. The giant cockroach barely misses you.
The ball python closely misses you. The ball python completely misses you.
The giant cockroach misses you.
You closely miss the giant cockroach. The ball python closely misses you.
The ball python grabs you. The ball python constricts you.
The giant cockroach barely misses you.
The ball python bites you but does no damage.
The ball python constricts you. 😮 HP[-2]
You take 2 damage, and now have 9/13 hp.
You closely miss the ball python.
The giant cockroach bites you but does no damage.
The ball python barely misses you.
The ball python constricts you. 😮 HP[-1]
You take 1 damage, and now have 8/13 hp.
You closely miss the ball python. The giant cockroach bites you.
The ball python bites you.
* * * LOW HITPOINT WARNING * * *
The ball python constricts you. 😨 HP[-3]
You take 3 damage, and now have 5/13 hp.
MASSIVE DAMAGE!! (PAUSE)
You escape the ball python's grasp.
The giant cockroach closely misses you. 😨 MP[+1]
The giant cockroach barely misses you.
You are too injured to fight recklessly!
Casting: Magic Dart (safe; 3% risk of failure)
Confirm with . or Enter, or press ? or * to list all spells.
Aiming: Magic Dart (safe; 3% risk of failure)
Press: ? - help, Shift-Dir - straight line, f/p - giant cockroach
Aim: a giant cockroach (moderately wounded, 100% to hit)
The magic dart hits the giant cockroach.
The giant cockroach closely misses you. 😨 MP[-1]
You lost 1 mp, and now have 0/3 mp.
You barely miss the giant cockroach.
The giant cockroach bites you but does no damage. x2
The giant cockroach closely misses you.
You closely miss the giant cockroach.
The giant cockroach bites you but does no damage.
You completely miss the giant cockroach.
The giant cockroach barely misses you.
You closely miss the giant cockroach. The giant cockroach misses you.
You hit the giant cockroach.
You kill the giant cockroach!
The ball python barely misses you. x2
You barely miss the ball python. The ball python closely misses you.
The ball python grabs you. The ball python constricts you.
* * * LOW HITPOINT WARNING * * *
😨 HP[-1] MP[+1]
You take 1 damage, and now have 4/13 hp.
You completely miss the ball python. The ball python bites you.
* * * LOW HITPOINT WARNING * * *
The ball python constricts you. 😱 HP[-2]
You take 2 damage, and now have 2/13 hp.
You closely miss the ball python.
You punch the ball python, but do no damage.
The ball python bites you.
You die...

Skill      XL: |  1 |
---------------+----+-----
Dodging        | 2 |  2.0
Stealth        | |  1.8
Spellcasting   | |  2.1
Conjurations   | |  4.1

Action                   || total
-------------------------++-------
Melee: Unarmed           ||    19
       Punch             ||     1
 Cast: Magic Dart        ||    16
Armor: Robe              ||     9
Dodge: Dodged            ||    23

Levels and vault maps discovered:
D:1:      dpeg_arrival_rhombus, layout_basic

Notes
Turn   | Place    | Note
-------+----------+-------------------------------------------
     0 | D:1      | GrayStillPlays the Demonspawn Conjurer began the quest for
                  | the Orb.
     0 | D:1      | Reached XP level 1. HP: 13/13 MP: 3/3
     0 | D:1      | magus.rc [v1.9.6]
   193 | D:1      | Reached skill level 2 in Dodging
   271 | D:1      | HP: 2/13 [ball python (2)]
   272 | D:1      | Slain by a ball python

Vanquished Creatures
  A ball python (D:1)
  An endoplasm (D:1)
  A giant cockroach (D:1)
  A quokka (D:1)
  A bat (D:1)
  2 rats (D:1)
7 creatures vanquished.

Table legend:
 A = Non-vault XP
 B = Vault XP
 C = Vault XP percentage of total XP
 D = Non-vault monster count
 E = Vault monster count
 F = Vault count percentage of total count
                 A         B        C        D         E       F
            +---------+---------+-------+---------+---------+-------
      Total |      11 |       0 |   0.0 |       7 |       0 |   0.0
            +---------+---------+-------+---------+---------+-------
        D:1 |      11 |       0 |   0.0 |       7 |       0 |   0.0
            +---------+---------+-------+---------+---------+-------

Illustrated notes

Table legend:
 A = Kills in this place as a percentage of kills in entire the game.
 B = Kills by you in this place as a percentage of kills by you in the entire game.
 C = Kills by friends in this place as a percentage of kills by friends in the entire game.
 D = Other kills in this place as a percentage of other kills in the entire game.
 E = Experience gained in this place as a percentage of experience gained in the entire game.
 F = Experience gained in this place divided by the number of levels of this place that you have seen.
                   A       B       C       D       E      F
               +-------+-------+-------+-------+-------+----------------------
         Total | 100.0 | 100.0 |   N/A |   N/A | 100.0 |  11.0
       Dungeon | 100.0 | 100.0 |   N/A |   N/A | 100.0 |  11.0
               +-------+-------+-------+-------+-------+----------------------

Table legend: (Time is in decaauts)
 A = Elapsed time spent in this place.
 B = Non-inter-level travel time spent in this place.
 C = Inter-level travel time spent in this place.
 D = Time resting spent in this place.
 E = Time spent auto-exploring this place.
 F = Levels seen in this place.
 G = Mean time per level.
                   A        B        C        D        E       F      G
               +--------+--------+--------+--------+--------+-----+--------+
         Total |    272 |    272 |      0 |      0 |    216 |   1 |  272.0 |
       Dungeon |    272 |    272 |      0 |      0 |    216 |   1 |  272.0 |
               +--------+--------+--------+--------+--------+-----+--------+

Top non-repeatable levels by time:
     D:1: 272 daAuts
